AoeStats
← DavidxGabriel

Arena

510925472Analyzed
4v4 RM · 7h ago on Oct 3, 2026· 47m 17s· 8 players
Game mode
Random Map
Map size
Large (8 player)
Population
200
Speed
Normal
Resources
Standard
Victory
Conquest
Starting age
Dark Age
Ending age
Imperial Age
RankedLock teamsTeams togetherTeam positionsShared explorationLock speedFull tech treeHidden civsTurbo modeCheats
Victory
Defeat
🇵🇪 Khmer · Peru
779
+13
🇺🇸 Armenians · United States
725
+15
🇵🇪 Vikings · Peru
724
+15
🇺🇸 Huns · United States
680
+18
🇧🇷 Spanish · Brazil
769
-17
🇧🇷 Huns · Brazil
732
-16
🇧🇷 Lithuanians · Brazil
722
-16
🇧🇷 Aztecs · Brazil
624
-12
Typhz
13:08 Feudal Age
13:38 Loom
18:00 Castle Age
23:18 Double-Bit Axe
29:59 Bow Saw
41:40 Imperial Age
41:28 Horse Collar
segfault
12:52 Feudal Age
11:08 Loom
16:28 Wheelbarrow
15:49 Double-Bit Axe
17:34 Town Watch
17:55 Stone Mining
20:08 Castle Age
19:02 Gold Mining
24:02 Hand Cart
23:46 Horse Collar
24:21 Treadmill Crane
24:55 Scale Mail Armor
25:06 Forging
29:59 Gold Shaft Mining
30:16 Bow Saw
31:18 Murder Holes
[taberna] carlos3g
10:25 Feudal Age
11:29 Double-Bit Axe
19:52 Castle Age
21:52 Bow Saw
22:40 Horse Collar
23:06 Husbandry
23:20 Bloodlines
33:57 Scale Barding Armor
37:24 Imperial Age
37:55 Heavy Plow
38:52 Conscription
38:35 Gold Mining
39:31 Marauders
40:01 Chain Barding Armor
40:48 Light Cavalry
43:10 Town Watch
44:01 Wheelbarrow
44:12 Elite Tarkan
TheuzzLivee
12:08 Feudal Age
16:16 Castle Age
14:15 Double-Bit Axe
27:05 Imperial Age
25:56 Wheelbarrow
27:37 Scale Barding Armor
27:43 Forging
28:41 Cavalier
33:48 Husbandry
37:27 Elite Skirmisher
39:03 Fortified Wall
42:15 Ballistics
42:03 Scale Mail Armor
42:04 Padded Archer Armor
themoist_hoist2
0:35 Loom
12:29 Feudal Age
24:05 Castle Age
21:53 Double-Bit Axe
21:51 Horse Collar
22:04 Stone Mining
23:38 Wheelbarrow
22:49 Town Watch
25:33 Forging
25:29 Scale Barding Armor
25:21 Gold Mining
26:48 Heavy Plow
27:04 Bow Saw
31:20 Marauders
33:26 Gold Shaft Mining
34:02 Husbandry
34:49 Bloodlines
35:20 Hand Cart
36:13 Town Patrol
38:12 Iron Casting
37:58 Chain Barding Armor
42:55 Imperial Age
41:08 Caravan
43:57 Conscription
42:58 Elite Tarkan
44:44 Blast Furnace
45:16 Plate Barding Armor
46:29 Two-Man Saw
46:58 Cavalier
K1NGlogman
11:10 Feudal Age
11:58 Double-Bit Axe
11:55 Horse Collar
19:13 Castle Age
20:39 Heavy Plow
20:50 Bow Saw
21:00 Gold Mining
25:00 Man-at-Arms
25:26 Gambesons
25:44 Squires
26:02 Long Swordsman
26:04 Pikeman
27:49 Two-Handed Swordsman
27:49 Halberdier
28:34 Scale Mail Armor
30:05 Champion
34:48 Chain Mail Armor
34:44 Forging
43:52 Imperial Age
44:48 Capped Ram
46:00 Siege Ram
DavidxGabriel
0:36 Loom
13:44 Feudal Age
18:21 Castle Age
16:37 Stone Mining
17:03 Double-Bit Axe
17:39 Gold Mining
18:08 Town Watch
19:34 Fletching
21:48 Bow Saw
23:00 Bodkin Arrow
26:31 Forging
27:57 Scale Mail Armor
29:02 Ballistics
30:38 Murder Holes
32:05 Iron Casting
32:34 Town Patrol
35:04 Squires
35:49 Chain Mail Armor
36:55 Pikeman
40:40 Imperial Age
38:20 Treadmill Crane
38:27 Horse Collar
39:05 Padded Archer Armor
41:02 Heavy Scorpion
42:04 Bracer
43:13 Chemistry
42:14 Capped Ram
44:16 Siege Engineers
44:10 Siege Ram
45:42 Onager
God Ganesh
0:47 Loom
14:06 Feudal Age
14:46 Double-Bit Axe
17:43 Horse Collar
20:12 Castle Age
21:47 Heavy Plow
22:25 Bow Saw
27:28 Imperial Age
26:51 Wheelbarrow
27:13 Town Watch
30:11 Hand Cart
30:30 Crop Rotation
30:14 Double Crossbow
30:19 Caravan
33:03 Chemistry
31:41 Heavy Scorpion
33:04 Siege Engineers
32:52 Heated Shot
35:30 Town Patrol
37:12 Double Crossbow
46:34 Spies/Treason
Connection lost

Rejoining the realm…

Still unreachable

The connection could not be restored.

Session expired

The server has moved on; the page needs a fresh start.